 Dungeon Crawl Stone Soup version 0.28-a0-258-g8de209e91f (webtiles) character file.

Game seed: 18000367106082375743

32 robertstho the Covert (level 3, -2/35 HPs)
             Began as a Gnoll Delver on Aug 26, 2021.
             Slain by a gnoll (11 damage)
             ... on level 2 of the Dungeon.
             The game lasted 00:03:01 (1454 turns).

robertstho the Covert (Gnoll Delver)                Turns: 1454, Time: 00:03:01

Health: -2/35      AC: 10    Str: 12    XL:     3   Next: 25%
Magic:  12/13      EV:  3    Int:  9    God:
Gold:   36         SH:  0    Dex: 13    Spells: 3/3 levels left

rFire   . . .      SeeInvis .   a - +0 hand axe
rCold   . . .      Faith    .   (no shield)
rNeg    . . .      Spirit   .   l - +0 plate armour
rPois   .          Reflect  .   (no helmet)
rElec   .          Harm     .   (no cloak)
rCorr   .          Rampage  .   (no gloves)
Will    .....                   (no boots)
Stlth   ..........              (no amulet)
HPRegen 0.11/turn               m - ring of magical power
MPRegen 0.13/turn               (no ring)

@: no status effects
A: fangs 1, strong nose, distributed training
a: no special abilities


You were on level 2 of the Dungeon.
You visited 1 branch of the dungeon, and saw 5 of its levels.

You collected 36 gold pieces.

Inventory:

Hand Weapons
 a - a +0 hand axe (weapon)
Armour
 b - a +0 leather armour
 l - a +0 plate armour (worn)
Jewellery
 m - a ring of magical power (left hand)
Wands
 g - a wand of digging (3)
Scrolls
 c - 3 scrolls of fog
 d - a scroll of magic mapping
 e - a scroll of fear
Potions
 f - a potion of haste
 h - a potion of ambrosia {unknown}
 i - a potion of flight {unknown}
 j - a potion of might {unknown}
 k - a potion of curing {unknown}
 n - a potion of heal wounds {unknown}


   Skills:
 + Level 6.5 Fighting
 + Level 0.7 Short Blades
 + Level 0.7 Long Blades
 + Level 4.5 Axes
 + Level 0.7 Maces & Flails
 + Level 0.7 Polearms
 + Level 0.7 Staves
 + Level 0.7 Slings
 + Level 0.7 Bows
 + Level 0.7 Crossbows
 + Level 0.7 Throwing
 + Level 0.7 Armour
 + Level 4.5 Dodging
 + Level 9.5 Stealth
 + Level 0.7 Shields
 + Level 0.7 Unarmed Combat
 + Level 0.7 Spellcasting
 + Level 0.5 Conjurations
 + Level 0.5 Hexes
 + Level 0.5 Summonings
 + Level 0.5 Necromancy
 + Level 0.5 Translocations
 + Level 0.5 Transmutations
 + Level 0.5 Fire Magic
 + Level 0.5 Ice Magic
 + Level 0.5 Air Magic
 + Level 0.5 Earth Magic
 + Level 0.5 Poison Magic
 + Level 0.9 Invocations
 + Level 0.7 Evocations


You had 3 spell levels left.
You didn't know any spells.
Your spell library was empty.

Dungeon Overview and Level Annotations

Branches:
Dungeon (5/15)
 Temple: D:4-7

Altars:

Shops:
D:5 :


Innate Abilities, Weirdness & Mutations

You have very sharp teeth.
Your uncanny sense of smell can sniff out nearby items.
Your experience applies equally to all skills.


Message History

You hit the giant cockroach.
The giant cockroach is almost dead.
You hit the gnoll. The giant cockroach barely misses you.
The kobold shouts!
You hit the giant cockroach but do no damage.
The giant cockroach is almost dead.
You hit the gnoll.
The giant cockroach bites you but does no damage.
The gnoll hits you but does no damage.
You barely miss the gnoll.
The gnoll is almost dead.
The goblin shouts!
You hit the bat but do no damage.
You hit the giant cockroach but do no damage.
The bat barely misses you.
The giant cockroach bites you but does no damage.
A rat comes into view.
The gnoll hits you but does no damage.
The giant cockroach bites you but does no damage.
You barely miss the gnoll.
The gnoll is almost dead.
Your plate armour prevents you from hitting the giant cockroach.
The gnoll hits you with a +0 flail!
The giant cockroach bites you but does no damage.
You closely miss the gnoll. You bite the gnoll, but do no damage.
The gnoll is almost dead.
You hit the bat. You hit the giant cockroach.
You kill the giant cockroach!
The bat hits you. The gnoll hits you with a +0 flail!
* * * LOW HITPOINT WARNING * * *
Unknown command.
The bat hits you but does no damage. The bat barely misses you.
The gnoll hits you but does no damage. The kobold hits you but does no damage.
The bat hits you but does no damage. The bat hits you but does no damage.
The kobold hits you but does no damage. The bat hits you but does no damage.
There is a stone staircase leading up here.
The gnoll shouts!
The kobold hits you but does no damage. The gnoll hits you with a +0 flail!
You die...

#<.gKg....# #.#
#...........
##.##.##### #.#
##........... #.##.#
#.# #. ..........
#.##.# #.#
.#.#........ #.##.#
#.####..g##)#.# ∆
#.##.#
#.##.##..##(#.#
#.##.#
##.#......##.#.#
#.##.#
####........###.#.#
#.#
#....@K.........>.#
....##.#g.....##...##
### #....g.#.##.#.#
#......r..#.#.#
#.######..#.#.# #.
....>b.. #. #......#
.. ....#... .. .


You could see 2 gnolls, a goblin, a kobold and a rat.

Vanquished Creatures
  3 bats (D:1)
  4 endoplasms
  3 giant cockroaches
  3 goblins (D:1)
  4 hobgoblins
  A quokka (D:1)
  4 ball pythons (D:1)
  A frilled lizard (D:1)
  2 kobolds
  A rat (D:1)
26 creatures vanquished.

Vanquished Creatures (others)
  5 plants (D:2)
5 creatures vanquished.

Grand Total: 31 creatures vanquished

Notes
Turn   | Place    | Note
-------+----------+-------------------------------------------
     0 | D:5      | Reached skill level 9 in Stealth
     0 | D:5      | robertstho the Gnoll Delver began the quest for the Orb.
     0 | D:5      | Reached XP level 1. HP: 23/23 MP: 1/1
    54 | D:4      | Noticed an ogre
   303 | D:1      | Reached XP level 2. HP: 29/29 MP: 2/2
   404 | D:1      | Found a faded altar of an unknown god.
   629 | D:1      | Reached XP level 3. HP: 34/35 MP: 3/3
  1454 | D:2      | Slain by a gnoll

Illustrated notes

Levels and vault maps discovered:
D:1:      ncdulo_lavacross, layout_basic, basic_ecumenical_altar
D:2:      layout_loops_ring, serial_bayou, serial_bayou_lake_a,
          serial_bayou_crossing, serial_bayou_pond_a, serial_bayou_shore_b,
          serial_bayou_pond_d, basic_altar
D:3:      layout_loops_ring, amcnicky_mini_pool_small, uniq_grinder,
          uniq_sigmund
D:4:      layout_basic, trog_book, minmay_misc_feat_cross, uniq_pikel
D:5:      layout_cave_pools, nicolae_overflow_hidden_temple, kennysheep_mini,
          serial_shops, nicolae_inconvenience_store, nicolae_stop_n_shop_2,
          kennysheep_mini_moat, minmay_quadrilaterals

Skill      XL: | |
---------------+-+-----
Stealth        | |  9.5
Fighting       | |  6.5
Short Blades   | |  0.7
Long Blades    | |  0.7
Axes           | |  4.5
Maces & Flails | |  0.7
Polearms       | |  0.7
Staves         | |  0.7
Slings         | |  0.7
Bows           | |  0.7
Crossbows      | |  0.7
Throwing       | |  0.7
Armour         | |  0.7
Dodging        | |  4.5
Shields        | |  0.7
Unarmed Combat | |  0.7
Spellcasting   | |  0.7
Conjurations   | |  0.5
Hexes          | |  0.5
Summonings     | |  0.5
Necromancy     | |  0.5
Translocations | |  0.5
Transmutations | |  0.5
Fire Magic     | |  0.5
Ice Magic      | |  0.5
Air Magic      | |  0.5
Earth Magic    | |  0.5
Poison Magic   | |  0.5
Invocations    | |  0.9
Evocations     | |  0.7

Action                   || total
-------------------------++-------
Melee: Hand axe          ||    90
       Bite              ||    10
 Stab: Sleeping          ||     4
Armor: Plate armour      ||    58
       Leather armour    ||     4
Dodge: Dodged            ||    40

Table legend: (Time is in decaauts)
 A = Elapsed time spent in this place.
 B = Non-inter-level travel time spent in this place.
 C = Inter-level travel time spent in this place.
 D = Time resting spent in this place.
 E = Time spent auto-exploring this place.
 F = Levels seen in this place.
 G = Mean time per level.
                   A        B        C        D        E       F      G
               +--------+--------+--------+--------+--------+-----+--------+
         Total |   1461 |   1339 |    122 |    237 |    705 |   5 |  292.2 |
       Dungeon |   1461 |   1339 |    122 |    237 |    705 |   5 |  292.2 |
               +--------+--------+--------+--------+--------+-----+--------+

Top non-repeatable levels by time:
     D:1: 1171 daAuts
     D:4: 171 daAuts
     D:2: 103 daAuts
     D:3: 10 daAuts
     D:5: 5 daAuts
